 Dungeon Crawl Stone Soup version 0.28-a0-691-gad6df49e81 (webtiles) character file.

Game seed: 11850935240876556612

37 sanka the Unweaver (level 3, -1/31 HPs)
             Began as a Palentonga Abyssal Knight on Oct 21, 2021.
             Was a Follower of Lugonu.
             Succumbed to an adder's poison
             ... on level 2 of the Dungeon.
             The game lasted 00:03:22 (1607 turns).

sanka the Unweaver (Palentonga Abyssal Knight)      Turns: 1607, Time: 00:03:23

Health: -1/31      AC:  4    Str: 17    XL:     3   Next: 23%
Magic:  6/6        EV:  9    Int: 10    God:    Lugonu [*.....]
Gold:   45         SH:  0    Dex: 10    Spells: 2/2 levels left

rFire   . . .      SeeInvis +   a - +1 hand axe
rCold   . . .      Faith    .   (no shield)
rNeg    . . .      Spirit   .   b - +0 leather armour
rPois   .          Reflect  .   (no helmet)
rElec   .          Harm     .   (no cloak)
rCorr   .          Rampage  .   (no gloves)
Will    .....                   (no barding)
Stlth   +.........              (no amulet)
HPRegen 0.10/turn               (no ring)
MPRegen 0.10/turn               (no ring)

@: lethally poisoned (-1 -> -8), slowed, very slow
A: large, rugged brown scales 3, see invisible, deformed body, roll 1, armoured
tail
a: Rolling Charge, Renounce Religion, Depart the Abyss


You were on level 2 of the Dungeon.
You worshipped Lugonu.
Lugonu was aware of your devotion.
You visited 1 branch of the dungeon, and saw 2 of its levels.
You visited the Abyss 1 time.

You collected 45 gold pieces.


Innate Abilities, Weirdness & Mutations

You are completely covered in rugged brown scales. (AC +3, +7% HP)
You have supernaturally acute eyesight. (SInv)
Armour fits poorly on your strangely shaped body.
You can roll at nearby foes to attack.
You have a long armoured tail.


   Skills:
 - Level 3.0 Fighting
 - Level 2.0 Axes
 - Level 1.5 Armour
 - Level 0.7 Dodging
 + Level 4.0 Invocations


You had 2 spell levels left.
You didn't know any spells.
Your spell library contained the following spells:

 Spells                   Type           Power      Damage    Failure   Level
 Slow                     Hex            0%         N/A       56%         2
 Confusing Touch          Hex            0%         N/A       80%         3
 Vampiric Draining        Necr           0%         2d6       80%         3

Inventory:

Hand Weapons
 a - a +1 hand axe (weapon)
Armour
 b - a +0 leather armour (worn)
Scrolls
 c - a scroll of identify {unknown}
 d - a scroll of teleportation {unknown}
 e - a scroll of immolation {unknown}
 f - a scroll of enchant weapon {unknown}

Dungeon Overview and Level Annotations

Branches:
Dungeon (2/15)

Altars:

Annotations:
D:2 Natasha

.......▒ ▒....▒
r.....▒ ▒....▒
.....▒▒▒▒ ▒▒▒▒▒▒
▒....▒▒+▒.)......
▒....▒ ▒....▒▒.▒...▒
▒.▒▒.▒ ▒....▒▒.....▒
▒.▒▒.▒ ▒.....▒.5▒▒▒▒
▒.▒▒.▒▒▒▒▒.....▒r.▒▒▒▒
▒..........†.)H†h....▒
▒.▒▒.▒▒▒▒▒▒▒▒.▒▒.▒▒▒▒▒
▒.......▒ ▒.▒▒.▒
▒.▒).▒..▒ ▒....▒
▒.▒<....▒▒▒▒▒▒▒▒▒▒
▒.▒........▒
▒......▒.▒.▒
▒▒▒▒.......▒ ▒▒▒.▒.▒▒▒


You could see Natasha (fast), a crimson imp (summoned) and a rat.


Message History

Natasha claws you but does no damage. The adder bites you.
* * * LOW HITPOINT WARNING * * *
Natasha misses you.
You feel sick. The adder closely misses you. Natasha casts a spell at you.
The magic dart hits you.
* * * LOW HITPOINT WARNING * * *
You feel sick.
Natasha mumbles some strange words.
The adder closely misses you.
You hit the adder.
The adder is almost dead.
You feel sick.
You are no longer poisoned.
The adder barely misses you. The adder bites you.
* * * LOW HITPOINT WARNING * * *
You are lethally poisoned!
The adder poisons you!
Unknown command.
You aren't carrying any potions.
Okay, then.
Are you sure you want to abandon this character and quit the game? (Confirm with "yes".)
Okay, then.
You slash the adder!
You kill the adder!
Lugonu accepts your kill.
You die...

Action                   || total
-------------------------++-------
Melee: Hand axe          ||    96
       Tailslap          ||     9
Invok: Depart the Abyss  ||     1
 Abil: Rolling Charge    ||     1
Armor: Leather armour    ||    26
Dodge: Dodged            ||    62

Levels and vault maps discovered:
D:1:      pf_arrival_petrified_forest, layout_loops_ring, serial_aquarium,
          aquarium_bridge_square [aquarium_subvault_window,
          aquarium_subvault_bridge, aquarium_subvault_bridge,
          aquarium_subvault_window], aquarium_window_1, aquarium_window_1,
          aquarium_window_1, aquarium_view_2b, aquarium_balcony_double_4
D:2:      layout_basic, minivault_19, uniq_terence, uniq_sigmund, uniq_jessica,
          uniq_natasha

Notes
Turn   | Place    | Note
-------+----------+-------------------------------------------
     0 | Abyss:1  | sanka the Palentonga Abyssal Knight began the quest for the
                  | Orb.
     0 | Abyss:1  | Reached XP level 1. HP: 19/19 MP: 2/2
    61 | Abyss:1  | Noticed a worldbinder
    67 | Abyss:1  | Noticed an apocalypse crab
    68 | D:1      | Escaped the Abyss
   196 | D:1      | Reached * piety under Lugonu
   219 | D:1      | Reached XP level 2. HP: 21/25 MP: 4/4
   305 | D:1      | Reached skill level 3 in Invocations
   954 | D:1      | Reached XP level 3. HP: 28/31 MP: 5/5
  1575 | D:2      | Reached skill level 4 in Invocations
  1597 | D:2      | Noticed Natasha
  1606 | D:2      | HP: 2/31 [adder (4)]
  1607 | D:2      | Succumbed to an adder's poison

Vanquished Creatures
  An adder (D:2)
  A bat (D:1)
  2 endoplasms (D:1)
  3 giant cockroaches (D:1)
  4 goblins
  3 hobgoblins (D:1)
  6 jackals (D:1)
  A quokka (D:1)
  5 ball pythons
  3 frilled lizards (D:1)
  3 kobolds
  A rat (D:1)
33 creatures vanquished.
